 Dungeon Crawl Stone Soup version 0.31-a0-664-g902f515a81 (console) character file.

Game seed: 638495327176008895

13358 flowsnake the Grappler (level 11, -4/98 HPs)
             Began as a Troll Shapeshifter on Sept 2, 2023.
             Was a Follower of Uskayaw.
             Slain by a death yak (18 damage)
             ... on level 1 of the Lair of Beasts.
             The game lasted 00:44:42 (8187 turns).

flowsnake the Grappler (Troll Shapeshifter)         Turns: 8187, Time: 00:44:42

Health: -4/98      AC:  9    Str: 24    XL:     11   Next: 74%
Magic:  13/13      EV: 12    Int:  6    God:    Uskayaw [*.....]
Gold:   703        SH:  0    Dex: 13    Spells: 10/10 levels left

rFire   . .          .
                       - Unarmed
rCold   . . .        m - melded orb {light}
rNeg    . . .        a - +0 animal skin
rPois   .            (helmet restricted)
rElec   +            k - +0 cloak
rCorr   +            (gloves unavailable)
SInv    .            (boots unavailable)
Will    .....        v - amulet of regeneration
Stlth   +            r - +4 ring of protection
HPRegen 1.96/turn    G - ring "Plog" {rElec rCorr}
MPRegen 0.13/turn

%: no passive effects
@: flux-form, glowing
A: glow, contaminating, large, unfitting armour, claws 3, regeneration 1, shaggy
fur 1, tough skin 1
a: Begin Untransformation, Renounce Religion, Stomp


You were on level 1 of the Lair of Beasts.
You worshipped Uskayaw.
Uskayaw was noncommittal.
You were something dangerously unstable.
You visited 2 branches of the dungeon, and saw 11 of its levels.
You also visited: Bailey.

You collected 703 gold pieces.

Inventory:

Hand Weapons
 g - a +3 short sword of speed
 y - a +1 heavy great sword
 C - a +0 antimagic long sword
Missiles
 o - 3 javelins (quivered)
Armour
 a - a +0 animal skin (worn)
 k - a +0 cloak (worn)
 m - an orb of light (melded)
Jewellery
 l - an amulet of guardian spirit
 r - a +4 ring of protection (left claw)
 v - an amulet of regeneration (around neck)
 G - the ring "Plog" (right claw) {rElec rCorr}
   (You found it on level 9 of the Dungeon)

   [ring of resist corrosion]

   rElec:     It insulates you from electricity.
   rCorr:     It protects you from acid and corrosion.
Talismans
 c - a beast talisman
 d - a flux talisman (active)
Wands
 e - a wand of roots (26)
 n - a wand of mindburst (14)
 p - a wand of charming (3)
Scrolls
 h - 4 scrolls of teleportation
 u - a scroll of immolation
Potions
 b - 4 potions of lignification
 f - 2 potions of mutation
 i - 3 potions of attraction
 j - 4 potions of curing
 q - a potion of invisibility {unknown}
 s - 4 potions of enlightenment
 t - a potion of cancellation {unknown}
 w - 3 potions of haste
 x - a potion of magic {unknown}
 B - 2 potions of berserk rage {unknown}
 D - a potion of brilliance {unknown}
 E - 2 potions of heal wounds


   Skills:
 + Level 3.8 Fighting
 - Level 0.8 Throwing
 + Level 6.2 Dodging
 + Level 13.7 Unarmed Combat
 + Level 4.8 Invocations
 * Level 8.8 Shapeshifting


You had 10 spell levels left.
You didn't know any spells.
Your spell library contained the following spells:

 Spells                   Type           Power      Damage    Failure   Level
 Sandblast                Erth           0%         2d4       45%         1
 Passwall                 Tmut/Erth      0%         N/A       58%         2
 Stone Arrow              Conj/Erth      0%         3d7       83%         3
 Cause Fear               Hex            0%         N/A       99%         4
 Leda's Liquefaction      Hex/Erth       0%         N/A       99%         4
 Summon Ice Beast         Ice/Summ       0%         N/A       99%         4
 Fireball                 Conj/Fire      0%         3d3       100%        5
 Lee's Rapid Deconstruct  Erth           0%         3d4*      100%        5
 Summon Mana Viper        Hex/Summ       0%         N/A       100%        5
 Leda's Unmaking          Conj/Erth      0%         9d1       100%        6
 Monstrous Menagerie      Summ           0%         N/A       100%        7
 Dragon's Call            Summ           0%         N/A       100%        9


Dungeon Overview and Level Annotations

Branches:
Dungeon (10/15)            Temple (0/1) D:4            Lair (1/5) D:9
 Bailey (visited)
    Orc: D:9-12

Altars:
Dithmenos
Elyvilon
Fedhas
Gozag
Nemelex Xobeh
Qazlal
Ru
Trog
Uskayaw
Wu Jian
Yredelemnul
The Shining One

Shops:
D:1 [


Innate Abilities, Weirdness & Mutations

You are something dangerously unstable.
You glow with magical radiation, making you easy to see and hit.
Foes you strike become dangerously contaminated with magical radiation.
You are incapable of wielding weapons or throwing items.
You are too large for most types of armour.
You have claws for hands.
Your natural rate of healing is unusually fast.
You are covered in fur. (AC +1)
You have tough skin. (AC +1)


Message History

Items here: ! [[[.
You barely miss the death yak. The death yak gores you!
You completely miss the death yak. The death yak gores you!
You claw the death yak!
The death yak begins to glow.
The death yak is lightly wounded.
You mangle the death yak!!
The death yak glows dangerously bright.
The death yak is moderately wounded.
The death yak gores you but does no damage.
You can now pass through a line of other dancers.
You mangle the death yak!!
The death yak shudders as magic cascades through it!
The death yak twists and deforms.
The death yak is severely wounded.
The death yak closely misses you.
You scratch the death yak.
The death yak begins to glow.
The death yak is almost dead.
The death yak gores you.
You scratch the death yak but do no damage.
The death yak glows dangerously bright.
The death yak is almost dead.
You scratch the death yak.
The death yak shudders as magic cascades through it!!
You kill the death yak!
Uskayaw will force your foes to helplessly watch your dance.
You see here a death yak corpse.
You start resting.
HP restored.
There is a staircase to the Lair, spattered with blood here.
Items here: ! [[[.
You climb downwards.
Welcome back to the Lair of Beasts!
The death yak gores you!! x3; The death yak gores you.
The death yak closely misses you. The death yak gores you.
* * * LOW HITPOINT WARNING * * *
The death yak closely misses you.
There is a staircase back to the Dungeon, spattered with blood here.
The death yak gores you!
* * * LOW HITPOINT WARNING * * *
The death yak closely misses you. The death yak gores you.
* * * LOW HITPOINT WARNING * * *
The death yak gores you!!
You die...

·██······
██·······█
█·······█ ·
███······█
··██·······█
··········█
█·····YYY█
······YB█
······███
··██· █


You could see 4 death yaks.

Vanquished Creatures
  A boulder beetle (D:9)
  A death yak (D:9)
  A two-headed ogre (D:10)
  An orc knight (Bailey)
  A deep elf pyromancer (Bailey)
  A harpy (shapeshifter) (D:9)
  A kobold demonologist (D:9)
  The ghost of Jaakounette the Cutter, a novice SpBr of Dithmenos (D:5)
  The ghost of Yorgos the Changeling, an amateur TrSh (D:4)
  Grinder (D:4)
  A hornet (D:9)
  Eustachio (D:4)
  A wraith (D:9)
  A wyvern (D:9)
  24 yaks
  3 steam dragons
  Menkaure (D:6)
  2 black bears
  10 orc warriors
  A sky beast (D:7)
  3 ice beasts
  4 centaurs
  3 phantoms (D:5)
  Blork the orc (D:6)
  5 scorpions
  3 bullfrogs
  2 water moccasin zombies (D:5)
  4 wights (D:7)
  12 killer bees
  4 electric eels (D:10)
  A centaur zombie (D:5)
  A centaur skeleton (D:5)
  5 hounds
  A bullfrog skeleton (D:5)
  2 gnoll boudas
  2 orc priests (D:8)
  2 jellies
  3 sleepcaps
  14 orc wizards
  2 scorpion zombies (D:5)
  2 iguanas
  10 gnolls
  A howler monkey skeleton (D:5)
  6 adders
  A shadow imp (D:5)
  2 white imps
  An adder skeleton (D:5)
  2 worms
  4 dart slugs
  22 orcs
  9 endoplasms
  5 giant cockroaches
  9 hobgoblins
  4 jackals (D:2)
  4 quokkas
  7 ball pythons
  7 bats
  4 frilled lizards (D:1)
  7 goblins
  3 hobgoblin zombies (D:3)
  5 kobolds
  A kobold skeleton (D:3)
  A kobold zombie (D:3)
  2 orc skeletons (D:3)
  7 rats
255 creatures vanquished.

Vanquished Creatures (others)
  A hobgoblin (D:3)
1 creature vanquished.

Grand Total: 256 creatures vanquished

Notes
Turn   | Place    | Note
-------+----------+-------------------------------------------
     0 | D:1      | flowsnake the Troll Shapeshifter began the quest for the
                  | Orb.
     0 | D:1      | Reached XP level 1. HP: 18/18 MP: 0/0
    77 | D:1      | Reached XP level 2. HP: 20/26 MP: 1/1
   524 | D:1      | Reached XP level 3. HP: 32/32 MP: 2/2
   536 | D:1      | Found Synolehu's Antique Armour Boutique.
   912 | D:2      | Reached XP level 4. HP: 40/40 MP: 3/3
  1462 | D:3      | Reached skill level 4 in Unarmed Combat
  1637 | D:3      | Found a glowing golden altar of the Shining One.
  1688 | D:3      | Reached XP level 5. HP: 43/46 MP: 4/4
  2007 | D:4      | Found a hide-covered altar of Uskayaw.
  2014 | D:4      | Reached skill level 1 in Fighting
  2031 | D:4      | Became a worshipper of Uskayaw the Reveller
  2076 | D:4      | Found a runed translucent gate.
  2077 | D:4      | Found a runed translucent gate.
  2078 | D:4      | Noticed Grinder
  2079 | D:4      | Found a runed translucent gate.
  2082 | D:4      | Noticed Yorgos's ghost (amateur TrSh)
  2084 | D:4      | Reached * piety under Uskayaw
  2088 | D:4      | Reached ** piety under Uskayaw
  2089 | D:4      | Killed Grinder
  2090 | D:4      | Reached skill level 5 in Unarmed Combat
  2090 | D:4      | Reached XP level 6. HP: 42/55 MP: 2/5
  2154 | D:4      | Found a staircase to the Ecumenical Temple.
  2393 | D:4      | Noticed Eustachio
  2394 | D:4      | Found a blossoming altar of Fedhas.
  2421 | D:4      | Killed Eustachio
  2422 | D:4      | Reached skill level 6 in Unarmed Combat
  2422 | D:4      | Reached XP level 7. HP: 42/62 MP: 2/6
  2925 | D:4      | Reached *** piety under Uskayaw
  2926 | D:4      | Reached **** piety under Uskayaw
  2927 | D:4      | Killed Yorgos's ghost
  3008 | D:5      | Entered Level 5 of the Dungeon
  3076 | D:5      | Reached skill level 7 in Unarmed Combat
  3078 | D:5      | Reached skill level 1 in Invocations
  3108 | D:5      | Reached XP level 8. HP: 68/72 MP: 7/7
  3172 | D:5      | Reached ***** piety under Uskayaw
  3173 | D:5      | Reached skill level 8 in Unarmed Combat
  3173 | D:5      | Reached skill level 5 in Shapeshifting
  3259 | D:5      | Found a transporter.
  3268 | D:5      | Noticed Jaakounette's ghost (novice SpBr)
  3286 | D:5      | Found a transporter.
  3313 | D:5      | Killed Jaakounette's ghost
  3367 | D:5      | Reached XP level 9. HP: 80/80 MP: 10/10
  3926 | D:5      | Reached skill level 9 in Unarmed Combat
  4036 | D:6      | Noticed Blork the orc
  4065 | D:6      | Killed Blork the orc
  4180 | D:6      | Noticed Menkaure
  4195 | D:6      | Killed Menkaure
  4477 | D:7      | Found an opulent altar of Gozag.
  4478 | D:7      | Found an opulent altar of Gozag.
  4478 | D:7      | Found an opulent altar of Gozag.
  4499 | D:7      | Found an opulent altar of Gozag.
  4528 | D:7      | Found a flagged portal.
  4537 | Bailey   | Entered a bailey
  4565 | Bailey   | Reached skill level 10 in Unarmed Combat
  4612 | Bailey   | Noticed an orc knight
  4615 | Bailey   | Found a large runed translucent door.
  4615 | Bailey   | Found a large runed translucent door.
  4618 | Bailey   | Noticed a deep elf pyromancer
  4635 | Bailey   | Killed an orc knight
  4639 | Bailey   | Reached XP level 10. HP: 25/89 MP: 12/12
  4771 | Bailey   | Killed a deep elf pyromancer
  4772 | Bailey   | Reached skill level 5 in Dodging
  4785 | Bailey   | Identified the +4 ring mail of the Harp {Int+3}
  4789 | Bailey   | Identified the +0 scale mail of the Centipede {+Blink}
  5002 | D:7      | Found a stormy altar of Qazlal.
  5015 | D:7      | Found a shadowy altar of Dithmenos.
  5024 | D:7      | Found an ornate altar of the Wu Jian Council.
  5083 | D:7      | Reached skill level 11 in Unarmed Combat
  6028 | D:9      | Reached skill level 12 in Unarmed Combat
  6101 | D:9      | Found a white marble altar of Elyvilon.
  6176 | D:9      | Noticed a boulder beetle
  6213 | D:9      | Found a sacrificial altar of Ru.
  6214 | D:9      | Found a sparkling altar of Nemelex Xobeh.
  6268 | D:9      | Noticed a fire crab
  6288 | D:9      | Killed a boulder beetle
  6299 | D:9      | Noticed a harpy
  6304 | D:9      | Reached XP level 11. HP: 81/97 MP: 13/13
  6307 | D:9      | Killed a harpy
  6331 | D:9      | Identified the ring "Plog" {rElec rCorr}
  6431 | D:9      | Found a staircase to the Lair.
  6808 | D:9      | Found a basalt altar of Yredelemnul.
  6985 | D:10     | Entered Level 10 of the Dungeon
  7052 | D:10     | Reached skill level 13 in Unarmed Combat
  7298 | Lair:1   | Entered Level 1 of the Lair of Beasts
  7298 | Lair:1   | Noticed a death yak
  7298 | Lair:1   | Noticed a death yak
  7298 | Lair:1   | Noticed a death yak
  7361 | D:10     | Noticed a two-headed ogre
  7368 | D:10     | Killed a two-headed ogre
  7559 | D:10     | Found a bloodstained altar of Trog.
  7799 | D:10     | Identified the +0 chain mail of the Bequeathed God {Dex+4
                  | SInv}
  8145 | Lair:1   | Noticed a death yak
  8145 | Lair:1   | Noticed a death yak
  8155 | D:9      | Killed a death yak
  8187 | Lair:1   | Slain by a death yak

Illustrated notes

Levels and vault maps discovered:
D:1:      psy_arrival_heroes, layout_rooms, serial_shops,
          nicolae_shop_waterfront, serial_co_window_serial, co_window_corner_a,
          co_window_paths_a, co_window_corner_a, co_window_paths_a,
          co_window_paths_a, co_window_broadway_a, co_window_2corner,
          co_window_corner_b, co_window_paths_c, co_window_broadway_b
D:2:      layout_basic
D:3:      layout_rooms, nicolae_tso_besieged_by_evil
D:4:      layout_loops_corners, fedhas_altar_2, nicolae_uskayaw_dance_hall,
          minmay_temple_entry_antechambers, gammafunk_ghost_split,
          grunt_decor_mini_mirrors, uniq_grinder, uniq_eustachio
D:5:      layout_basic, serial_undead, serial_undead_f, serial_undead_d,
          serial_undead_d, serial_undead_b, gammafunk_ghost_arena, minivault_4,
          minmay_misc_feat_columns
D:6:      layout_gridville, uniq_menkaure, uniq_blork_the_orc
D:7:      layout_basic, nicolae_gozag_conspicuous_consumption,
          grunt_qazlal_clouds, gammafunk_temple_overflow_claw,
          mainiacjoe_overflow_large_starburst, enter_bailey_6
D:8:      minmay_flawed_box, layout_gridville
D:9:      layout_grid_maze, kennysheep_ying_yang,
          gammafunk_temple_overflow_pools, grunt_lair_entry_orc_guard_hut,
          minmay_mirror_moons_of_madness
D:10:     layout_basic, tgw_trog, minmay_misc_feat_alley
Lair:1:   layout_hall_layers, uniq_fannar

Skill      XL: |  1  2  3  4  5  6  7  8  9 10 11 |
---------------+----------------------------------+-----
Dodging        | 2 3 4 5 6 |  6.2
Unarmed Combat | 4 5 6 7 8 10 12 13 | 13.7
Shapeshifting  | 4 5 7 8 |  8.8
Fighting       | 1 2 3 |  3.8
Invocations    | 1 3 4 |  4.8
Throwing       | |  0.8

Action                     |  1- 3 |  4- 6 |  7- 9 | 10-12 || total
---------------------------+-------+-------+-------+-------++-------
  Melee: Unarmed           |    78 |   107 |   201 |   311 ||   697
         Punch             |       |     3 |       |       ||     3
  Throw: Javelin           |       |     3 |       |       ||     3
 Invoke: Stomp             |       |     1 |       |       ||     1
Ability: Begin Untransform |       |       |       |     1 ||     1
    Use: Scroll            |     1 |     4 |     4 |     8 ||    17
         Potion            |       |       |     2 |       ||     2
   Stab: Sleeping          |     1 |     1 |       |       ||     2
         Paralysed         |       |       |    14 |    20 ||    34
 Armour: Animal skin       |    72 |    75 |   154 |   233 ||   534
  Dodge: Dodged            |    57 |    52 |   114 |   139 ||   362
   Form: Flux              |       |       |       |     1 ||     1

Table legend: (Time is in decaauts)
 A = Elapsed time spent in this place.
 B = Non-inter-level travel time spent in this place.
 C = Inter-level travel time spent in this place.
 D = Time resting spent in this place.
 E = Time spent auto-exploring this place.
 F = Levels seen in this place.
 G = Mean time per level.
                   A        B        C        D        E       F      G
               +--------+--------+--------+--------+--------+-----+--------+
         Total |   8075 |   7468 |    607 |     39 |   5533 |  12 |  672.9 |
       Dungeon |   7749 |   7142 |    607 |     39 |   5355 |  10 |  774.9 |
          Lair |      5 |      5 |      0 |      0 |      0 |   1 |    5.0 |
        Bailey |    320 |    320 |      0 |      0 |    178 |   1 |  320.0 |
               +--------+--------+--------+--------+--------+-----+--------+

Top non-repeatable levels by time:
     D:9: 1290 daAuts
     D:4: 1164 daAuts
     D:5: 1048 daAuts
    D:10: 918 daAuts
     D:2: 749 daAuts
     D:8: 703 daAuts
     D:1: 695 daAuts
     D:7: 464 daAuts
     D:3: 409 daAuts
  Bailey: 320 daAuts
     D:6: 305 daAuts
  Lair:1: 5 daAuts
